 Dungeon Crawl Stone Soup version 0.17.0-28-g6e173f8 (webtiles) character file.

364 coffecat the Ducker (level 6, -3/48 HPs)
             Began as a Demigod Transmuter on Dec 3, 2015.
             Slain by a phantom (9 damage)
             ... on level 4 of the Dungeon on Dec 4, 2015.
             The game lasted 00:28:09 (3951 turns).

coffecat the Ducker (Demigod Transmuter)            Turns: 3951, Time: 00:28:09

Health: -3/48      AC:  4    Str: 17    XL:     6   Next: 16%
Magic:  9/12       EV: 15    Int: 17    God:
Gold:   109        SH:  0    Dex: 16    Spells: 3 memorised, 3 levels left

rFire  . . .     SeeInvis .     m - +0 whip (drain)
rCold  + . .     Clarity  .     b - +0 robe
rNeg   . . .     SustAt   +     (no shield)
rPois  .         Gourm    .     (no helmet)
rElec  .         Spirit   .     q - +0 cloak
rCorr  .         Warding  .     l - +0 pair of gloves
rMut   .         Stasis   .     (no boots)
MR     .....                    g - amulet of rage
Stlth  ++........               (no ring)
                                s - ring of protection from cold

@: not resistant to hostile enchantments, unstealthy
A: high mp 1, sustain attributes
a: Evoke Berserk Rage


You were on level 4 of the Dungeon.
You were not hungry.

You visited 1 branch of the dungeon, and saw 4 of its levels.

You collected 109 gold pieces.

Inventory:

Hand Weapons
 e - a +0 whip
 m - a +0 whip of draining (weapon)
 t - a +2 quarterstaff of speed
Missiles
 a - an arrow
 j - 52 bolts
 w - 23 poisoned needles
Armour
 b - a +0 robe (worn)
 k - a +0 leather armour of fire resistance
 l - a +0 pair of gloves (worn)
 q - a +0 cloak (worn)
Jewellery
 g - an amulet of rage (around neck)
 s - a ring of protection from cold (left hand)
Wands
 h - a wand of paralysis (15)
Scrolls
 f - 2 scrolls of remove curse {unknown}
 i - a scroll of amnesia {unknown}
 n - a scroll of identify {unknown}
 o - a scroll of fear {unknown}
 r - a scroll of enchant armour {unknown}
 v - a scroll of enchant weapon {unknown}
Potions
 p - a potion of invisibility {unknown}
 u - a potion of flight {unknown}
Books
 c - a book of Changes

   Spells                             Type                      Level
   a - Beastly Appendage              Transmutation                1
   b - Sticks to Snakes               Transmutation                2
   c - Spider Form                    Transmutation/Poison         3
   d - Ice Form                       Ice/Transmutation            4
   e - Blade Hands                    Transmutation                5
Comestibles
 d - a bread ration
 x - a chunk of flesh


   Skills:
 + Level 1.6 Fighting
 * Level 1.1 Maces & Flails
 - Level 0.1 Armour
 - Level 4.7 Dodging
 - Level 0.2 Stealth
 - Level 3.0 Unarmed Combat
 + Level 2.4 Spellcasting
 * Level 2.8 Transmutations
 + Level 0.1 Poison Magic


You had 3 spell levels left.
You knew the following spells:

 Your Spells              Type           Power        Failure   Level  Hunger
a - Beastly Appendage     Trmt           ##....       10%         1    #......
b - Sticks to Snakes      Trmt           ##........   12%         2    ##.....
c - Spider Form           Trmt/Pois      #.........   30%         3    ###....


Dungeon Overview and Level Annotations

Branches:
Dungeon (4/15)
 Temple: D:4-7

Annotations:
D:3 Crazy Yiuf


Innate Abilities, Weirdness & Mutations

You have an increased reservoir of magic (+10% MP).
Your attributes are resistant to harm.


Message History

The phantom is severely damaged.
The phantom blinks!
You closely miss the phantom.
The phantom is severely damaged.
The phantom completely misses you.
Your ball python misses the phantom.
You hit the phantom.
The phantom is almost destroyed.
The phantom hits you!
* * * LOW HITPOINT WARNING * * *
The phantom blinks!
You hit the phantom but do no damage.
The phantom is almost destroyed.
Your transformation has ended.
Your +0 whip of draining unmelds from your body.
Your +0 cloak unmelds from your body.
Your +0 pair of gloves unmelds from your body.
Your +0 robe unmelds from your body.
You sense an unholy aura.
Your ball python barely misses the phantom.
The phantom hits you!
You die...

##.....#.#...#
#.#####..##..# ..
#.#_.'##.....## .
#.#<.#.#......## .
#.####.#.......### .# #
##....##.........##.##..
.######.................
........#####.SW........
...###..# #..@.........
##.# #..ยง##........
#.#...####........
#....# #........ ##..#
#........ #.# #.######.
... .## .. .


You could see a phantom and a friendly ball python.

Vanquished Creatures
  4 orc wizards (D:3)
  An orc priest (D:3)
  An iguana (D:3)
  An iron imp (D:4)
  2 worker ants (D:4)
  2 gnolls (D:3)
  3 adders
  2 worms
  5 orcs
  A ball python (D:3)
  12 bats
  2 giant cockroaches
  8 goblins
  4 hobgoblins
  2 quokkas
  4 giant geckos
  4 giant newts
  9 jackals
  3 kobolds (D:1)
  6 rats
76 creatures vanquished.

Vanquished Creatures (collateral kills)
  2 gnolls (D:3)
  An orc (D:3)
  A hobgoblin (D:2)
  A jackal (D:3)
5 creatures vanquished.

Vanquished Creatures (others)
  An orc (D:3)
1 creature vanquished.

Grand Total: 82 creatures vanquished

Notes
Turn   | Place    | Note
--------------------------------------------------------------
     0 | D:1      | coffecat the Demigod Transmuter began the quest for the Orb.
     0 | D:1      | Reached XP level 1. HP: 15/15 MP: 5/5
   346 | D:1      | Reached skill level 1 in Fighting
   346 | D:1      | Reached XP level 2. HP: 12/23 MP: 5/7
   355 | D:1      | Learned a level 2 spell: Sticks to Snakes
  1258 | D:2      | Reached XP level 3. HP: 26/28 MP: 8/8
  1600 | D:2      | Reached skill level 3 in Dodging
  1893 | D:3      | Reached skill level 1 in Maces & Flails
  1922 | D:3      | Reached XP level 4. HP: 35/35 MP: 6/9
  1941 | D:3      | Learned a level 3 spell: Spider Form
  2259 | D:3      | Reached skill level 4 in Dodging
  2261 | D:3      | Reached XP level 5. HP: 17/40 MP: 6/10
  3128 | D:3      | Noticed Crazy Yiuf
  3289 | D:4      | HP: 2/40 [poisoned by a worker ant]
  3297 | D:4      | HP: 1/40 [poisoned by a worker ant]
  3739 | D:4      | Reached XP level 6. HP: 32/48 MP: 12/12
  3841 | D:4      | Found a snail-covered altar of Cheibriados.
  3901 | D:4      | Noticed a phantom
  3951 | D:4      | Slain by a phantom

Action                   |  1- 3 |  4- 6 || total
-------------------------+-------+-------++-------
Melee: Unarmed           |    22 |    22 ||    44
       Whip              |   162 |   176 ||   338
 Cast: Beastly Appendage |     5 |     5 ||    10
       Sticks to Snakes  |     2 |     9 ||    11
       Spider Form       |       |     4 ||     4
 Abil: End Transformatio |     1 |     1 ||     2
  Use: Potion            |       |     4 ||     4
 Stab: Sleeping          |     4 |     1 ||     5
       Distracted        |       |     1 ||     1
  Eat: Chunk             |     4 |     8 ||    12
